 Dungeon Crawl Stone Soup version 0.20.0-8-g6b59dc7 (webtiles) character file.

117 Chiseanne the Magician (level 4, -7/30 HPs)
             Began as a Demonspawn Wizard on June 2, 2017.
             Killed from afar by an orc wizard (8 damage)
             ... with a puff of flame
             ... on level 4 of the Dungeon.
             The game lasted 00:04:07 (3128 turns).

Chiseanne the Magician (Demonspawn Wizard)          Turns: 3128, Time: 00:04:07

Health: -7/30      AC:  4    Str: 10    XL:     4   Next: 71%
Magic:  1/10       EV: 17    Int: 20    God:
Gold:   60         SH:  0    Dex: 16    Spells: 10/11 levels left

rFire    . . .     SeeInvis .   q - +4 quarterstaff
rCold    . . .     Gourm    .   (shield currently unavailable)
rNeg     . . .     Faith    .   a - +0 robe
rPois    .         Spirit   .   b - +0 hat
rElec    .         Reflect  .   (no cloak)
rCorr    .         Harm     .   (no gloves)
MR       .....                  (no boots)
Stlth    +++.......             (no amulet)
Regen    0.1/turn               j - +2 ring of strength
MPRegen  0.2/turn               (no ring)

@: agile
A: molten scales 1, powered by death 1
a: no special abilities


You were on level 4 of the Dungeon.
You were hungry.

You visited 1 branch of the dungeon, and saw 4 of its levels.

You collected 60 gold pieces.

Inventory:

Hand Weapons
 q - a +4 quarterstaff (weapon)
 v - a +0 blowgun
Missiles
 k - 36 bolts
 m - 137 stones (quivered)
 r - 50 arrows
 u - 5 poisoned needles
Armour
 a - a +0 robe (worn)
 b - a +0 hat (worn)
Jewellery
 j - a +2 ring of strength (left hand)
Scrolls
 f - a scroll of remove curse
 o - a scroll of fear
 s - a scroll of magic mapping
Potions
 e - a potion of ambrosia {unknown}
 g - a potion of cancellation {unknown}
 h - a potion of haste {unknown}
 n - a potion of agility
 p - 2 potions of curing {unknown}
 w - a potion of magic {unknown}
 z - a potion of brilliance {unknown}
Books
 c - a book of Minor Magic

   Spells                             Type                      Level
   a - Magic Dart                     Conjuration                  1
   b - Blink                          Translocation                2
   c - Call Imp                       Summoning                    2
   d - Slow                           Hexes                        2
   e - Conjure Flame                  Conjuration/Fire             3
   f - Mephitic Cloud                 Conjuration/Poison/Air       3
Comestibles
 d - 3 bread rations
 t - a meat ration


   Skills:
 - Level 1.7 Dodging
 - Level 1.7 Stealth
 * Level 4.2 Spellcasting
 * Level 3.2 Conjurations
   Level 1.0 Summonings
   Level 0.8 Translocations


You had 10 spell levels left.
You knew the following spells:

 Your Spells              Type           Power        Failure   Level  Hunger
a - Magic Dart            Conj           ###.         3%          1    None


Dungeon Overview and Level Annotations

Branches:
Dungeon (4/15)
 Temple: D:4-7

Altars:
Fedhas
Okawaru
Trog
Uskayaw
The Shining One


Innate Abilities, Weirdness & Mutations

You are partially covered in molten scales. (AC +2)
You regenerate a little health from kills.


Message History

Casting: Magic Dart
Confirm with . or Enter, or press ? or * to list all spells.
Aiming: Magic Dart
Press: ? - help, Shift-Dir - straight line, f/p - orc
Aim: an orc, wearing a chain mail (severely wounded)
The magic dart hits the orc wizard.
The orc wizard is severely wounded.
The orc wizard casts a spell at you. The magic dart hits you!
* * * LOW HITPOINT WARNING * * *
Casting: Magic Dart
Confirm with . or Enter, or press ? or * to list all spells.
Aiming: Magic Dart
Press: ? - help, Shift-Dir - straight line, f/p - orc
Aim: an orc, wearing a chain mail (severely wounded)
The magic dart hits the orc wizard.
The orc wizard is severely wounded.
The orc wizard gestures at you while chanting.
The puff of flame hits you!
You die...

#.. .. #.###.
#.#.. #.#.#
####.#<#.###.
#>............
#.##.#.#.#.#.#
#..#.#.#.#
#..#@#.# #
#..#o#.#
#..#o#.#.#.#
#...o..o....
##.#.#####.#
...#.......#
#############


You could see an orc wizard and 2 orcs.

Vanquished Creatures
  6 adders
  An ooze (D:1)
  3 worms (D:3)
  3 leopard geckos
  6 bats
  2 giant cockroaches
  5 hobgoblins
  6 kobolds
  A quokka (D:3)
  2 ball pythons
  5 frilled lizards
  7 goblins
  5 rats
52 creatures vanquished.

Notes
Turn   | Place    | Note
-------+----------+-------------------------------------------
     0 | D:1      | Chiseanne the Demonspawn Wizard began the quest for the Orb.
     0 | D:1      | Reached XP level 1. HP: 13/13 MP: 4/4
   241 | D:1      | Gained mutation: You regenerate a little health from kills. [demonic ancestry]
   241 | D:1      | Reached XP level 2. HP: 19/19 MP: 3/6
  1078 | D:2      | Gained mutation: You are partially covered in molten scales. (AC +2) [demonic ancestry]
  1078 | D:2      | Reached XP level 3. HP: 24/24 MP: 5/8
  1639 | D:2      | Found a glowing golden altar of the Shining One.
  1888 | D:2      | Reached XP level 4. HP: 30/30 MP: 2/9
  2029 | D:2      | Reached skill level 4 in Spellcasting
  2222 | D:3      | Found an iron altar of Okawaru.
  2297 | D:3      | Found a hide-covered altar of Uskayaw.
  2299 | D:3      | Noticed a hand axe
  2299 | D:3      | Noticed a hand axe
  2607 | D:3      | Found a blossoming altar of Fedhas.
  2864 | D:3      | Found a bloodstained altar of Trog.
  3127 | D:4      | HP: 1/30 [orc wizard/magic dart (2)]
  3128 | D:4      | Killed from afar by an orc wizard

Skill      XL: |  1  2  3  4 |
---------------+-------------+-----
Conjurations   | 2 3 |  3.2
Spellcasting   | 4 |  4.2
Dodging        | |  1.7
Stealth        | |  1.7
Summonings     | |  1.0
Translocations | |  0.8

Action                   |  1- 3 |  4- 6 || total
-------------------------+-------+-------++-------
Melee: Unarmed           |     3 |       ||     3
       Short sword       |    17 |       ||    17
       Quarterstaff      |       |     9 ||     9
 Cast: Magic Dart        |    79 |    69 ||   148
  Use: Scroll            |     4 |     4 ||     8
       Potion            |       |     1 ||     1
  Eat: Chunk             |     1 |     3 ||     4
       Royal jelly       |       |     1 ||     1
Armor: Robe              |     8 |     2 ||    10
Dodge: Dodged            |    28 |    10 ||    38
